 Dungeon Crawl Stone Soup version 0.30.0-10-gfe55d96785 (webtiles) character file.

Game seed: 8217139788058163620

65 Edyrem the Trooper (level 3, 0/36 HPs)
             Began as a Minotaur Gladiator on May 16, 2023.
             Slain by a gnoll
             ... wielding a +0 club
              (5 damage)
             ... on level 2 of the Dungeon.
             The game lasted 00:02:37 (1069 turns).

Edyrem the Trooper (Minotaur Gladiator)             Turns: 1069, Time: 00:02:37

Health: 0/36       AC:  3    Str: 20    XL:     3   Next: 94%
Magic:  2/2        EV: 12    Int:  5    God:
Gold:   55         SH:  0    Dex: 11    Spells: 2/2 levels left

rFire   . . .        a - +0 trident
rCold   . . .        (no shield)
rNeg    . . .        b - +0 leather armour
rPois   .            c - +0 hat
rElec   .            (no cloak)
rCorr   .            (no gloves)
SInv    .            (no boots)
Will    .....        (no amulet)
Stlth   +            (no ring)
HPRegen 0.26/turn    (no ring)
MPRegen 0.08/turn

%: no passive effects
@: brilliant, hasted, very quick
A: horns 2, retaliatory headbutt
a: no special abilities


You were on level 2 of the Dungeon.
You visited 1 branch of the dungeon, and saw 2 of its levels.

You collected 55 gold pieces.

Inventory:

Hand Weapons
 a - a +0 trident (weapon)
 j - a +2 dagger of venom
Missiles
 d - 2 throwing nets
 e - a javelin
 m - 3 boomerangs (quivered)
Armour
 b - a +0 leather armour (worn)
 c - a +0 hat (worn)
Scrolls
 h - a scroll of amnesia {unknown}
 i - a scroll of enchant armour {unknown}
 k - a scroll of torment {unknown}
 n - a scroll of identify {unknown}
 p - 2 scrolls of teleportation {unknown}
Potions
 g - a potion of brilliance
 l - a potion of degeneration {unknown}
 o - a potion of heal wounds {unknown}


   Skills:
 + Level 5.2 Fighting
 - Level 3.6 Polearms
 - Level 2.0 Throwing
 - Level 3.2 Dodging


You had 2 spell levels left.
You didn't know any spells.
Your spell library contained the following spells:

 Spells                   Type           Power      Damage    Failure   Level
 Beastly Appendage        Tmut           0%         N/A       54%         1
 Wereblood                Tmut           0%         N/A       67%         2
 Spider Form              Tmut/Pois      0%         N/A       88%         3


Dungeon Overview and Level Annotations

Branches:
Dungeon (2/15)

Altars:

Shops:
D:1 :

Annotations:
D:2 Natasha


Innate Abilities, Weirdness & Mutations

You have a pair of horns on your head.
You reflexively headbutt those who attack you in melee.


Message History

Your Fighting skill increases to level 5!
No target in view!
No target in view! 2 gnolls come into view.
The gnoll shouts! x2; You hear a shout! x2
You see here a worm corpse.
A gnoll comes into view. It is wielding a +0 club.
A gnoll comes into view. It is wielding a +0 club.
The gnoll shouts!
Natasha, Servant of Life and Death comes into view.
You reach to attack!
Natasha hisses angrily.
You puncture the gnoll!
The gnoll is severely wounded.
The gnoll hits you from afar with a +0 spear.
You puncture the gnoll!
The gnoll is severely wounded.
The gnoll barely misses you.
The gnoll hits you from afar with a +0 spear.
You puncture the gnoll!
You kill the gnoll!
The gnoll hits you from afar with a +0 spear.
The gnoll closely misses you.
You hit the gnoll.
The gnoll is moderately wounded.
The gnoll misses you.
The gnoll hits you from afar with a +0 spear.
You are too injured to fight recklessly!
The gnoll hits you with a +0 club. Natasha claws you!
The gnoll hits you with a +0 spear. Natasha claws you.
* * * LOW HITPOINT WARNING * * *
The gnoll hits you from afar with a +0 spear.
* * * LOW HITPOINT WARNING * * *
It was a potion of brilliance.
You feel clever all of a sudden. The gnoll closely misses you.
The gnoll barely misses you.
It was a potion of haste.
You feel yourself speed up. The gnoll hits you with a +0 club.
You die...

#. ....... .. ....... ..
....... #. #.###..#....
... #.##........
##..###.##........
........##g....... #.
#..#...@gh)......
#.##..##..##..##.#.#
......................#
PP♣..~♣..(.....†......#.#
.....~P~...##..##.#####
P~≈.~~P~~#.##..##.#
~~~.~~PP~♣.....##.#
~~≈.~≈~~~~P.......#
~~~.~≈≈≈P~~†.†..#....


You could see Natasha and 2 gnolls.

Vanquished Creatures
  2 gnolls
  3 worms (D:2)
  A dart slug (D:1)
  3 bats (D:1)
  4 endoplasms (D:1)
  4 goblins
  A hobgoblin (D:2)
  2 jackals (D:2)
  3 kobolds (D:1)
  2 quokkas
  2 ball pythons
  3 frilled lizards
  4 rats
34 creatures vanquished.

Notes
Turn   | Place    | Note
-------+----------+-------------------------------------------
     0 | D:1      | Edyrem the Minotaur Gladiator began the quest for the Orb.
     0 | D:1      | Reached XP level 1. HP: 18/18 MP: 0/0
    64 | D:1      | Reached skill level 3 in Fighting
    93 | D:1      | Reached XP level 2. HP: 21/26 MP: 1/1
   309 | D:1      | Reached skill level 4 in Fighting
   408 | D:1      | Reached XP level 3. HP: 19/34 MP: 2/2
   682 | D:1      | Found Reodysya's Book Boutique.
  1057 | D:2      | Reached skill level 5 in Fighting
  1060 | D:2      | Noticed Natasha
  1069 | D:2      | Slain by a gnoll

Illustrated notes

Levels and vault maps discovered:
D:1:      psy_arrival_basics, layout_rooms, serial_shops, shop,
          minmay_large_rounded_square, skrybe_limestone_x,
          kennysheep_small_spiral, st_stairs_11, supply_closet_lemuel
D:2:      layout_basic, hellmonk_ecumenical_altar_defaced_shrine,
          serial_bayou_lagoon_b, uniq_natasha

Skill      XL: |  1  2  3 |
---------------+----------+-----
Fighting       | 3 4 5 |  5.2
Polearms       | |  3.6
Throwing       | |  2.0
Dodging        | |  3.2

Action                     || total
---------------------------++-------
  Melee: Trident           ||    86
         Headbutt          ||     8
  Throw: Throwing net      ||     2
    Use: Potion            ||     2
   Stab: Held in net/web   ||     1
 Armour: Leather armour    ||    11
  Dodge: Dodged            ||    48
